 Dungeon Crawl Stone Soup version 0.26.0-10-g1f06aea511 (webtiles) character file.

Game seed: 5118580671533168612

16 night the Insei (level 2, -3/23 HPs)
             Began as a Demonspawn Gladiator on Jan 23, 2021.
             Slain by Sigmund
             ... wielding a +0 scythe
              (11 damage)
             ... on level 2 of the Dungeon.
             The game lasted 00:01:51 (1172 turns).

night the Insei (Demonspawn Gladiator)              Turns: 1172, Time: 00:01:51

Health: -3/23      AC:  7    Str: 14    XL:     2   Next: 37%
Magic:  2/2        EV:  7    Int:  9    God:
Gold:   130        SH:  7    Dex: 14    Spells: 1/1 levels left

rFire    . . .     SeeInvis .     - Unarmed
rCold    . . .     Faith    .   j - +0 kite shield
rNeg     . . .     Spirit   .   r - +0 scale mail
rPois    .         Reflect  .   b - +0 helmet
rElec    .         Harm     .   (no cloak)
rCorr    .         Rampage  .   (no gloves)
Will     .....                  (no boots)
Stlth    ..........             (no amulet)
HPRegen  0.07/turn              (no ring)
MPRegen  0.08/turn              (no ring)

@: no status effects
A: powered by pain 1
a: no special abilities


You were on level 2 of the Dungeon.
You visited 1 branch of the dungeon, and saw 2 of its levels.

You collected 130 gold pieces.

Inventory:

Missiles
 e - 84 stones (quivered)
 f - 36 poisoned darts
 m - 20 arrows
Armour
 a - a +0 leather armour
 b - a +0 helmet (worn)
 d - a +0 ring mail
 i - a +0 buckler
 j - a +0 kite shield (worn)
 r - a +0 scale mail (worn)
Jewellery
 g - an uncursed ring of protection from fire {unknown}
Scrolls
 h - a scroll of identify {unknown}
 k - 3 scrolls of teleportation {unknown}
 l - a scroll of magic mapping {unknown}
 q - a scroll of fear {unknown}
Potions
 n - 2 potions of cancellation {unknown}
 o - a potion of resistance {unknown}
 p - a potion of haste {unknown}


   Skills:
 + Level 2.5 Fighting
 - Level 1.7 Throwing
 - Level 2.6 Dodging
 + Level 3.1 Unarmed Combat


You had one spell level left.
You didn't know any spells.
Your spell library was empty.

Dungeon Overview and Level Annotations

Branches:
Dungeon (2/15)

Altars:

Annotations:
D:2 Sigmund


Innate Abilities, Weirdness & Mutations

You sometimes gain a little power by taking damage.


Message History

You hit Sigmund.
Sigmund is severely wounded.
Sigmund casts a spell at himself.
Sigmund flickers and vanishes!
Deactivating autopickup; reactivate with Ctrl-A.
Something wriggles in the net.
You hit something. You hit something but do no damage.
Something wriggles in the net.
You closely miss something.
Throw: throwing net
Press: ? - help, Q - select action, (/) - cycle Shift-Dir - straight line, f - you
Okay, then.
Fire/throw which item? (* to show all) (? for menu, Esc to quit)
Okay, then.
Throw: throwing net
Press: ? - help, Q - select action, (/) - cycle Shift-Dir - straight line You throw a throwing net.
Something wriggles in the net.
All of a sudden the net rips apart!
You barely miss something. Something hits you!
You die...

#####<...#...#.##.......
#>.......^..............
.##.........#.##.......
+....######.##.......
#.....>.....#########
#.#####.######## ....
.>............. ....
..#####.####### .... #@#
#### #..{..# #..<..#
##....# ...... ##.#....
#. ..... #. ......


There were no monsters in sight!

Vanquished Creatures
  A dart slug (D:1)
  2 giant cockroaches (D:2)
  2 goblins
  3 kobolds
  A quokka (D:2)
  A bat (D:1)
  A frilled lizard (D:1)
  2 rats (D:1)
13 creatures vanquished.

Notes
Turn   | Place    | Note
-------+----------+-------------------------------------------
     0 | D:1      | night the Demonspawn Gladiator began the quest for the Orb.
     0 | D:1      | Reached XP level 1. HP: 16/16 MP: 1/1
   708 | D:1      | Reached skill level 3 in Unarmed Combat
   708 | D:1      | Gained mutation: You sometimes gain a little power by
                  | taking damage. [demonic ancestry]
   708 | D:1      | Reached XP level 2. HP: 18/23 MP: 2/2
  1152 | D:2      | Noticed Sigmund
  1172 | D:2      | Slain by Sigmund

Illustrated notes

Levels and vault maps discovered:
D:1:      dpeg_arrival_shrine, layout_basic, serial_bayou_pond_b
D:2:      layout_basic, nicolae_tso_swordbearing_angel,
          lemuel_zombie_altar_kikubaaqudgha, uniq_sigmund

Skill      XL: |  1 |
---------------+----+-----
Unarmed Combat | 3 |  3.1
Fighting       | |  2.5
Throwing       | |  1.7
Dodging        | |  2.6

Action                   || total
-------------------------++-------
Melee: Unarmed           ||    63
Throw: Throwing net      ||     3
 Stab: Held in net/web   ||     3
Armor: Ring mail         ||    10
       Scale mail        ||     4
Dodge: Dodged            ||    15
Block: Kite shield       ||     9
       Buckler           ||     2
